 Dungeon Crawl Stone Soup version 0.20.1-1-g8b1a95d (webtiles) character file.

185 Chisa the Charmwright (level 5, -17/40 HPs)
             Began as a Demonspawn Skald on Sept 18, 2017.
             Demolished by an ogre
             ... wielding a +0 giant club
              (18 damage)
             ... on level 4 of the Dungeon.
             The game lasted 00:05:49 (2881 turns).

Chisa the Charmwright (Demonspawn Skald)            Turns: 2881, Time: 00:05:50

Health: -17/40     AC:  5    Str: 12    XL:     5   Next: 37%
Magic:  8/8        EV: 12    Int: 15    God:
Gold:   214        SH:  0    Dex: 12    Spells: 7/8 levels left

rFire    . . .     SeeInvis .   a - +0 spear
rCold    . . .     Gourm    .   (no shield)
rNeg     . . .     Faith    .   b - +0 leather armour
rPois    +         Spirit   .   (no helmet)
rElec    .         Reflect  .   (no cloak)
rCorr    .         Harm     .   (no gloves)
MR       .....                  (no boots)
Stlth    +.........             (no amulet)
Regen    0.2/turn               p - ring of poison resistance
MPRegen  0.2/turn               (no ring)

@: no status effects
A: talons 1, yellow scales 1, powered by pain 1
a: no special abilities


You were on level 4 of the Dungeon.
You were hungry.

You visited 1 branch of the dungeon, and saw 4 of its levels.

You collected 214 gold pieces.

Inventory:

Hand Weapons
 a - a +0 spear (weapon)
Missiles
 i - 65 stones (quivered)
Armour
 b - a +0 leather armour (worn)
Jewellery
 p - a ring of poison resistance (left hand)
 v - an uncursed ring of protection from cold {unknown}
 x - an uncursed ring of fire {unknown}
Scrolls
 e - 4 scrolls of enchant armour {unknown}
 k - 2 scrolls of remove curse {unknown}
 l - 6 scrolls of identify {unknown}
 r - 2 scrolls of recharging {unknown}
 t - a scroll of fear {unknown}
 u - 2 scrolls of teleportation {unknown}
Potions
 h - 4 potions of heal wounds {unknown}
 m - a potion of curing {unknown}
 n - 2 potions of degeneration {unknown}
 q - a potion of invisibility {unknown}
 s - a potion of might {unknown}
 w - 2 potions of brilliance {unknown}
 z - 2 potions of berserk rage {unknown}
 A - a potion of mutation {unknown}
Books
 c - a book of Battle

   Spells                             Type                      Level
   a - Infusion                       Charms                       1
   b - Shroud of Golubria             Charms/Translocation         2
   c - Song of Slaying                Charms                       2
   d - Spectral Weapon                Hexes/Charms                 3
   e - Regeneration                   Charms/Necromancy            3
Comestibles
 d - 4 bread rations
 f - 3 royal jellies
 j - 13 fruits
 o - 2 meat rations


   Skills:
 + Level 2.8 Fighting
 * Level 3.2 Polearms
 + Level 2.0 Armour
 + Level 2.5 Dodging
 - Level 2.0 Spellcasting
 + Level 3.4 Charms


You had 7 spell levels left.
You knew the following spells:

 Your Spells              Type           Power        Failure   Level  Hunger
a - Infusion              Chrm           ##..         7%          1    #......


Dungeon Overview and Level Annotations

Branches:
Dungeon (4/15)             Temple (0/1) D:4

Altars:
Gozag

Shops:
D:2 *

Annotations:
D:3 Schiappus's ghost, amateur DsBe
D:4 Eustachio


Innate Abilities, Weirdness & Mutations

You have sharp toenails.
You are partially covered in yellow scales. (AC +2)
You sometimes gain a little power by taking damage.


Message History

The ogre misses you. The rat closely misses you.
The quokka skeleton misses you.
You barely miss the quokka skeleton. You claw the quokka skeleton.
The quokka skeleton is severely damaged.
The quokka skeleton bites you.
You barely miss the quokka skeleton. You claw the quokka skeleton.
You destroy the quokka skeleton!
Attack whom?
Press: ? - help, Dir - move target cursor, f - ogre
Aim: an ogre, wielding a giant club You reach to attack!
You hit the ogre.
The ogre is lightly wounded.
The rat twitches its whiskers.
The ogre hits you with a giant club!!
Ouch! That really hurt!
The ogre hits you with a giant club!!
* * * LOW HITPOINT WARNING * * *
There is a stone staircase leading down here.
The ogre hits you with a giant club!!
You die...

#.##.##.#...# ###.#
#.##.##.#.#.#.>.# ### #...####
#.##.##.#.###.%.###.####.##......
#.##.##.#.# #.#.##...#......###..
..##.##.#.###...#...........#
####.##.#...#.>.#..............
#.##.#.### ..#...........###.#
#.##.#.# ######...#......# #.#
#.##.#r# #.#.@#.r####.#..# #.#
#.##.#.# #.#.O#.## #.#..# #.#
#.##.#.###.#r.#.#####.#..###.#
#.........................##.#
####.#.######.#.##.......<##.#
#...........#.## ##.....)...
##.#.######....######..(..<#
###.# #..............###
#.#######...###########


You could see an ogre and a rat.

Vanquished Creatures
  A howler monkey (D:4)
  An orc wizard (D:3)
  3 adders
  An ooze (D:3)
  A worm (D:2)
  2 dart slugs (D:2)
  A leopard gecko (D:2)
  5 orcs (D:3)
  4 giant cockroaches
  6 goblins
  5 hobgoblins
  11 jackals (D:2)
  3 quokkas
  3 ball pythons
  6 bats
  6 frilled lizards
  3 kobolds
  A quokka skeleton (D:4)
  6 rats
69 creatures vanquished.

Notes
Turn   | Place    | Note
-------+----------+-------------------------------------------
     0 | D:1      | Chisa the Demonspawn Skald began the quest for the Orb.
     0 | D:1      | Reached XP level 1. HP: 16/16 MP: 3/3
    75 | D:1      | Reached skill level 1 in Armour
   182 | D:1      | Gained mutation: You sometimes gain a little power by taking damage. [demonic ancestry]
   182 | D:1      | Reached XP level 2. HP: 18/22 MP: 5/5
   864 | D:2      | Gained mutation: You have sharp toenails. [demonic ancestry]
   864 | D:2      | Reached XP level 3. HP: 24/28 MP: 6/6
  1463 | D:2      | Gained mutation: You are partially covered in yellow scales. (AC +2) [demonic ancestry]
  1463 | D:2      | Reached XP level 4. HP: 34/34 MP: 7/7
  1707 | D:2      | Found an opulent altar of Gozag.
  1709 | D:2      | Found Gozag's Platinum Reserve.
  1929 | D:3      | Noticed Schiappus's ghost (amateur DsBe)
  2166 | D:3      | Reached XP level 5. HP: 37/39 MP: 8/8
  2480 | D:4      | Noticed Eustachio
  2662 | D:4      | Found a staircase to the Ecumenical Temple.
  2776 | D:4      | Noticed an ogre
  2879 | D:4      | HP: 1/40 [ogre/giant club (18)]
  2881 | D:4      | Demolished by an ogre

Skill      XL: |  1  2  3  4  5 |
---------------+----------------+-----
Armour         | 1 2 |  2.0
Polearms       | 2 3 |  3.2
Dodging        | 2 |  2.5
Charms         | 3 |  3.4
Fighting       | |  2.8
Spellcasting   | |  2.0

Action                   |  1- 3 |  4- 6 || total
-------------------------+-------+-------++-------
Melee: Spear             |   164 |   139 ||   303
       Kick              |    17 |    24 ||    41
 Cast: Infusion          |       |     1 ||     1
  Eat: Chunk             |     2 |     4 ||     6
Armor: Leather armour    |    30 |    57 ||    87
Dodge: Dodged            |    84 |    85 ||   169
